 Dungeon Crawl Stone Soup version 0.31-a0-237-g2d982f9f85 (webtiles) character file.

Game seed: 4589148492632867539

2 BubbleThief the Trooper (level 1, 0/18 HPs)
             Began as a Demonspawn Cinder Acolyte on July 12, 2023.
             Was a High Priest of Ignis.
             Slain by a hobgoblin (5 damage)
             ... on level 1 of the Dungeon.
             The game lasted 00:00:21 (29 turns).

BubbleThief the Trooper (Demonspawn Cinder Acolyte)   Turns: 29, Time: 00:00:21

Health: 0/18       AC:  2    Str: 14    XL:     1   Next: 33%
Magic:  2/2        EV: 11    Int: 15    God:    Ignis [*****.]
Gold:   0          SH:  0    Dex:  8    Spells: 2/2 levels left

rFire   + . .        a - -1 spear (flame)
rCold   . . .        (no shield)
rNeg    . . .        b - +0 robe
rPois   .            (no helmet)
rElec   .            (no cloak)
rCorr   .            (no gloves)
SInv    .            (no boots)
Will    .....        (no amulet)
Stlth   +            (no ring)
HPRegen 0.23/turn    (no ring)
MPRegen 0.08/turn

%: no passive effects
@: no status effects
A: no striking features
a: Renounce Religion, Fiery Armour, Foxfire Swarm, Rising Flame


You were on level 1 of the Dungeon.
You worshipped Ignis.
Ignis was extremely pleased with you.
You visited 1 branch of the dungeon, and saw 1 of its levels.

Inventory:

Hand Weapons
 a - a -1 spear of flaming (weapon)
Armour
 b - a +0 robe (worn)


   Skills:
 + Level 3.0 Fighting
 * Level 2.8 Polearms
 - Level 1.0 Spellcasting
 - Level 2.6 Fire Magic


You had 2 spell levels left.
You didn't know any spells.
Your spell library contained the following spells:

 Spells                   Type           Power      Damage    Failure   Level
 Scorch                   Fire           16%        2d6       12%         2


Dungeon Overview and Level Annotations

Branches:
Dungeon (1/15)

Altars:


Message History

Welcome, BubbleThief the Demonspawn Cinder Acolyte.
The Orb of Zot is coveted for many reasons.
Will you seize it for your own? The flames of Ignis gently warm you.
Press ? for a list of commands and other information.
Found two stairs.
As you open the door, it creaks loudly!
Found a club.
Found a club.
There is an open door here.
Found a robe.
No target in view! 2 goblins come into view.
The goblin shouts!
There are monsters nearby!
A hobgoblin comes into view.
The goblin shouts!
The hobgoblin shouts!
There is an open door here.
You reach to attack!
You barely miss the goblin. You hit the goblin. You burn the goblin.
You kill the goblin!
You hit the goblin. You burn the goblin.
You kill the goblin!
No target in view!
No target in view!
There is an open door here.
Things that are here:
a +0 club; a +0 dagger; a goblin corpse You hit the hobgoblin but do no damage.
The hobgoblin hits you.
You hit the hobgoblin but do no damage. Your punch misses the hobgoblin.
The hobgoblin hits you.
You closely miss the hobgoblin. The hobgoblin hits you.
You barely miss the hobgoblin. The hobgoblin hits you.
You are too injured to fight recklessly!
You closely miss the hobgoblin. The hobgoblin hits you.
You barely miss the hobgoblin. The hobgoblin misses you.
You hit the hobgoblin but do no damage. The hobgoblin hits you.
* * * LOW HITPOINT WARNING * * *
You closely miss the hobgoblin. The hobgoblin hits you.
You die...

....g.........#
.....g........+
..........)...#+#
.................
......##...).....
##### #.........
#########.........
#.......#g#####...
+...<...@.# ..
#.......###
#########
#.......#
+.>.>...+
#.......#
#########


You could see a hobgoblin.

Vanquished Creatures
  2 goblins (D:1)
2 creatures vanquished.

Notes
Turn   | Place    | Note
-------+----------+-------------------------------------------
     0 | D:1      | BubbleThief the Demonspawn Cinder Acolyte began the quest
                  | for the Orb.
     0 | D:1      | Reached XP level 1. HP: 18/18 MP: 2/2
    29 | D:1      | Slain by a hobgoblin

Illustrated notes

Levels and vault maps discovered:
D:1:      minmay_arrival_up_and_down, layout_basic, st_stairs_10

Action                     || total
---------------------------++-------
  Melee: Spear             ||    11
  Dodge: Dodged            ||     1

Table legend: (Time is in decaauts)
 A = Elapsed time spent in this place.
 B = Non-inter-level travel time spent in this place.
 C = Inter-level travel time spent in this place.
 D = Time resting spent in this place.
 E = Time spent auto-exploring this place.
 F = Levels seen in this place.
 G = Mean time per level.
                   A        B        C        D        E       F      G
               +--------+--------+--------+--------+--------+-----+--------+
         Total |     28 |     28 |      0 |      0 |      5 |   1 |   28.0 |
       Dungeon |     28 |     28 |      0 |      0 |      5 |   1 |   28.0 |
               +--------+--------+--------+--------+--------+-----+--------+

Top non-repeatable levels by time:
     D:1: 28 daAuts
